 Dungeon Crawl Stone Soup version 0.18.1-6-gd335043 (webtiles) character file.

57 Hipnos the Sneak (level 3, 0/16 HPs)
             Began as a Spriggan Enchanter on May 16, 2016.
             Killed by nerve-wracking pain
             ... invoked by Jessica
              (12 damage)
             ... on level 3 of the Dungeon.
             The game lasted 00:04:49 (1537 turns).

Hipnos the Sneak (Spriggan Enchanter)               Turns: 1537, Time: 00:04:54

Health: 0/16       AC:  3    Str:  4    XL:     3   Next: 73%
Magic:  8/9        EV: 18    Int: 17    God:
Gold:   58         SH:  0    Dex: 16    Spells: 3 memorised, 3 levels left

rFire  . . .     SeeInvis +     p - +1 dagger (venom)
rCold  . . .     Gourm    .     b - +1 robe
rNeg   . . .     Faith    .     (shield restricted)
rPois  .         Spirit   .     (helmet restricted)
rElec  .         Dismiss  .     (no cloak)
rCorr  .         Reflect  .     (gloves unavailable)
SustAt .         Harm     .     (boots unavailable)
MR     .....                    (no amulet)
Stlth  +++.......               (no ring)
                                (no ring)

@: very quick, not resistant to hostile enchantments, fairly stealthy
A: unfitting armour, see invisible, herbivore 3, speed 3, slow metabolism 2
a: no special abilities


You were on level 3 of the Dungeon.
You were not hungry.

You visited 1 branch of the dungeon, and saw 3 of its levels.

You collected 58 gold pieces.

Inventory:

Hand Weapons
 a - a +1 dagger
 p - a +1 dagger of venom (weapon)
Armour
 b - a +1 robe (worn)
Scrolls
 f - a scroll of amnesia {unknown}
 k - a scroll of fear {unknown}
 l - 4 scrolls of identify {unknown}
 n - a scroll of recharging {unknown}
 q - a scroll of teleportation {unknown}
Potions
 e - a potion of degeneration {unknown}
 g - 3 potions of curing {unknown}
 h - a potion of invisibility {unknown}
 i - a potion of flight {unknown}
 j - a potion of magic {unknown}
 m - a potion of cure mutation {unknown}
Books
 c - a book of Maledictions

   Spells                             Type                      Level
   a - Corona                         Hexes                        1
   b - Ensorcelled Hibernation        Hexes/Ice                    2
   c - Confuse                        Hexes                        3
   d - Tukima's Dance                 Hexes                        3
   e - Dazzling Spray                 Conjuration/Hexes            3
Comestibles
 d - a bread ration
 o - a royal jelly


   Skills:
 + Level 0.1 Fighting
 + Level 1.2 Short Blades
 + Level 3.2 Dodging
 * Level 5.6 Stealth
 * Level 3.5 Spellcasting
 * Level 4.2 Hexes


You had 3 spell levels left.
You knew the following spells:

 Your Spells              Type           Power        Failure   Level  Hunger
a - Corona                Hex            ###....      2%          1    None
b - Ensorcelled Hibernat  Hex/Ice        ##....       12%         2    ##.....
c - Confuse               Hex            ###.....     10%         3    ###....


Dungeon Overview and Level Annotations

Branches:
Dungeon (3/15)

Altars:

Annotations:
D:3 Jessica


Innate Abilities, Weirdness & Mutations

You are tiny and cannot use many weapons and most armour.
You have supernaturally acute eyesight.
You are a herbivore.
You cover ground extremely quickly.
You need consume almost no food.


Message History

You barely miss the kobold. The kobold completely misses you.
You barely miss the kobold. The kobold completely misses you.
You closely miss the kobold. The kobold hits you.
You closely miss the kobold. The kobold barely misses you.
You hit the kobold.
The kobold is poisoned.
The kobold is moderately wounded.
Jessica the Apprentice Sorceress comes into view.
You barely miss the kobold.
The kobold is moderately wounded.
The kobold hits you.
You barely miss the kobold.
The kobold is severely wounded.
The kobold misses you.
You hit the kobold but do no damage.
The kobold looks even sicker.
The kobold is severely wounded.
You kill the kobold!
Jessica gestures at you while chanting. Pain shoots through your body!
Ouch! That really hurt!
You die...

.......# ..#.
....... .....
.<...# ...##
..#.##.....
#..$.....# .
#........#
#.##.†......#
##.@...@.....#
...^........##
..##.)....###
##.....#
#....<.#
#.....####
##.... #.#..
#....


You could see Jessica.

Vanquished Creatures
  An adder (D:2)
  3 worms (D:2)
  3 giant geckos
  A giant cockroach (D:2)
  7 goblins
  2 hobgoblins (D:2)
  3 jackals (D:2)
  A ball python (D:2)
  4 bats (D:2)
  5 giant newts
  3 kobolds
  5 rats
38 creatures vanquished.

Notes
Turn   | Place    | Note
--------------------------------------------------------------
     0 | D:1      | Hipnos the Spriggan Enchanter began the quest for the Orb.
     0 | D:1      | Reached XP level 1. HP: 9/9 MP: 5/5
   267 | D:1      | Reached XP level 2. HP: 4/13 MP: 6/6
   304 | D:1      | Learned a level 2 spell: Ensorcelled Hibernation
   784 | D:2      | Reached skill level 5 in Stealth
   984 | D:2      | Reached XP level 3. HP: 13/16 MP: 1/8
   989 | D:2      | Learned a level 3 spell: Confuse
  1535 | D:3      | Noticed Jessica
  1537 | D:3      | Killed from afar by Jessica

Skill      XL: |  1  2 |
---------------+-------+-----
Hexes          | 4 |  4.2
Stealth        | 5 |  5.6
Spellcasting   | 3 |  3.5
Fighting       | |  0.1
Short Blades   | |  1.2
Dodging        | |  3.2

Action                   || total
-------------------------++-------
Melee: Dagger            ||   119
 Cast: Ensorcelled Hiber ||    16
       Confuse           ||     1
 Stab: Sleeping          ||    22
       Confused          ||     1
Armor: Robe              ||     9
Dodge: Dodged            ||    87
